 Dungeon Crawl Stone Soup version 0.17.1-1-g73c8601 (webtiles) character file.

28 abixa the Chopper (level 3, 28/33 HPs)
             Began as a Deep Dwarf Berserker on Dec 19, 2015.
             Was a Believer of Trog.
             Quit the game on level 2 of the Dungeon.
             The game lasted 00:02:39 (892 turns).

abixa the Chopper (Deep Dwarf Berserker)             Turns: 892, Time: 00:02:39

Health: 28/33      AC:  8    Str: 20    XL:     3   Next: 0%
Magic:  3/3        EV:  8    Int:  7    God:    Trog [**....]
Gold:   49         SH:  0    Dex: 13    Spells: 0 memorised, 2 levels left

rFire  . . .     SeeInvis .     a - +0 hand axe
rCold  . . .     Clarity  .     k - +0 chain mail
rNeg   . . .     SustAt   .     (no shield)
rPois  .         Gourm    .     (no helmet)
rElec  .         Spirit   .     (no cloak)
rCorr  .         Warding  .     (no gloves)
rMut   .         Stasis   .     (no boots)
MR     .....                    (no amulet)
Stlth  ..........               (no ring)
                                (no ring)

@: non-regenerating, not resistant to hostile enchantments, extremely unstealthy
A: damage resistance, recharge devices, sense surroundings 1, slow regeneration
3
a: Device Recharging, Berserk, Trog's Hand, Burn Spellbooks, Renounce Religion


You were on level 2 of the Dungeon.
You worshipped Trog.
Trog was pleased with you.
You were not hungry.

You visited 1 branch of the dungeon, and saw 2 of its levels.

You collected 49 gold pieces.

Inventory:

Hand Weapons
 a - a +0 hand axe (weapon)
Missiles
 e - 19 poisoned arrows
 l - 39 stones (quivered)
 r - 13 bolts
Armour
 b - a +0 animal skin
 k - a +0 chain mail (worn)
Wands
 c - a wand of heal wounds (5)
 s - a wand of hasting (5)
Scrolls
 f - a scroll of immolation {unknown}
 h - a scroll of teleportation {unknown}
 j - a scroll of magic mapping {unknown}
 o - a scroll of fog {unknown}
 q - 3 scrolls of remove curse {unknown}
Potions
 g - a potion of flight {unknown}
 i - 2 potions of curing {unknown}
 p - a potion of invisibility {unknown}
Comestibles
 d - 2 bread rations
 m - a meat ration
 n - a slice of pizza


   Skills:
 - Level 2.6 Fighting
 + Level 4.6 Axes
 - Level 2.1 Armour
 - Level 2.1 Dodging


You had 2 spell levels left.
You didn't know any spells.

Dungeon Overview and Level Annotations

Branches:
Dungeon (2/15)

Altars:


Innate Abilities, Weirdness & Mutations

You are resistant to damage.
You can recharge devices by infusing magical energy.
You passively map a small area around you.
You do not regenerate naturally.


Message History

Trog accepts your kill.
You hit the kobold but do no damage. The kobold hits you but does no damage.
You barely miss the kobold. The kobold hits you with a whip.
You completely miss the kobold. The kobold hits you but does no damage.
You hit the kobold but do no damage. The kobold hits you but does no damage.
You miss the kobold. The kobold hits you but does no damage.
You hit the kobold.
The kobold is moderately wounded.
The kobold hits you but does no damage.
You closely miss the kobold.
The kobold is moderately wounded.
The kobold hits you but does no damage.
You hit the kobold.
You kill the kobold!
Trog accepts your kill.
You have reached level 3!
Your experience leads to an increase in your attributes!
Increase (S)trength, (I)ntelligence, or (D)exterity?
You feel agile.
Are you sure you want to abandon this character and quit the game? (Confirm with "yes".)

*#### *#.l. > #... ,
##.g### ** ####.# * *,*
,,.....# .....#### *, *
#..#.#### *,* ###.....# #
######!....?.# ,
#....#.....#...$.........#
#....# ###.# ####.#.##.## *
#....# #.# #.)†........
#.#.## #.####@##........
#.#.#######..[...####.##.##
#.#......<..######* .# ,# *
#.#########.# , ## , , #..
,>* #.# * * * * #.#* * #.#
* #.# * ,** #.# , *#.# * *
* #.# *


There were no monsters in sight!

Vanquished Creatures
  A giant gecko (D:1)
  A ball python (D:1)
  2 giant cockroaches (D:1)
  2 hobgoblins
  4 kobolds
  5 bats
  6 giant newts
  2 goblins
  6 rats (D:1)
29 creatures vanquished.

Notes
Turn   | Place    | Note
--------------------------------------------------------------
     0 | D:1      | abixa the Deep Dwarf Berserker began the quest for the Orb.
     0 | D:1      | Reached XP level 1. HP: 20/20 MP: 1/1
   218 | D:1      | Reached XP level 2. HP: 27/27 MP: 2/2
   238 | D:1      | Reached skill level 4 in Axes
   701 | D:1      | Reached ** piety under Trog
   891 | D:2      | Reached XP level 3. HP: 28/33 MP: 3/3
   892 | D:2      | Quit the game

Action                   || total
-------------------------++-------
Melee: Hand axe          ||    88
